 Dungeon Crawl Stone Soup version 0.32-a0-953-g508020473e (webtiles) character file.

Game seed: 1449079124162150973

22 zenocrate the Poker (level 2, 21/21 HPs)
             Began as an Octopode Fighter on Apr 16, 2024.
             Quit the game on level 1 of the Dungeon.
             The game lasted 00:00:44 (606 turns).

zenocrate the Poker (Octopode Fighter)               Turns: 606, Time: 00:00:44

Health: 21/21      AC:  1    Str: 15    XL:     2   Next: 91%
Magic:  2/2        EV: 12    Int: 10    God:
Gold:   50         SH:  4    Dex: 11    Spells: 1/1 levels left

rFire   . . .        a - +0 trident
rCold   . . .        b - +0 buckler
rNeg    . . .        (helmet restricted)
rPois   .            (no amulet)
rElec   .            (no ring)
rCorr   .            (no ring)
SInv    .            (no ring)
Will    .....        (no ring)
Stlth   ++           (no ring)
HPRegen 0.23/turn    (no ring)
MPRegen 0.08/turn    (no ring)
                     (no ring)

%: no passive effects
@: no status effects
A: almost no armour, amphibious, 8 rings, camouflage 1, gelatinous body 1,
(nimble swimmer 1), tentacles
a: no special abilities


You were on level 1 of the Dungeon.
You visited 1 branch of the dungeon, and saw 1 of its levels.

You collected 50 gold pieces.

Inventory:

Hand Weapons
 a - a +0 trident (weapon)
Armour
 b - a +0 buckler (worn)
Magical Staves
 e - a staff of earth
Scrolls
 d - a scroll of vulnerability {unknown}
Potions
 c - a potion of might
 f - a potion of magic {unknown}


   Skills:
 - Level 3.0 Fighting
 + Level 3.3 Polearms
 - Level 3.0 Dodging
 - Level 3.0 Shields


You had one spell level left.
You didn't know any spells.
Your spell library was empty.

Dungeon Overview and Level Annotations

Branches:
Dungeon (1/15)

Altars:


Innate Abilities, Weirdness & Mutations

You cannot wear most types of armour.
You are amphibious.
You can wear up to eight rings at the same time.
Your skin changes colour to match your surroundings (Stealth+).
Your rubbery body absorbs attacks. (AC +1, EV +1)
((You are camouflaged when in or above water. (Stealth+)))
You have tentacles for arms and can constrict up to eight enemies at once.


Message History

There is an open door here.
Found a sling.
No target in view!
A frilled lizard comes into view.
Found a dagger.
The frilled lizard hisses angrily.
A frilled lizard is nearby!
A frilled lizard is nearby!
You reach to attack!
You miss the frilled lizard. You miss the frilled lizard.
Your grab misses the frilled lizard. The frilled lizard barely misses you.
You miss the frilled lizard. You grab the frilled lizard.
You constrict the frilled lizard.
You kill the frilled lizard!
You see here a +0 dagger.
You open the door.
There is an open door here.
You now have 50 gold pieces (gained 9).
There is an open door here.
You see here a +0 dagger.
There is an open door here.
There is an open door here.
You see here a +0 robe.
You see here a +0 robe.
There is an open door here.
Done exploring.
Done exploring.
No target in view!
Done exploring.
No target in view!
Done exploring.
No target in view!
No target in view!
Done exploring.
Your library has no spells.
Unknown command.
Okay, then.
There is an open door here.
There is a stone staircase leading down here.
Are you sure you want to abandon this character and quit the game? (Confirm with "yes".)

#.# #.# ###### #.#
##....# #.# .#....#
##### #.# .#....#
#...# #.# .#....#
#...# #.#
##....##########...#
#.#
...............'@..#
#.#
##....##########...#
#.### #.....#
####...#####...#
#.....#
#..........#.####
#.....#
#.....####'#....#####
......#######.....#
#.รท..........
#..#####..........#
#............
#...#.............#
#....^.......
#.#...............#
#............


There were no monsters in sight!

Vanquished Creatures
  2 dart slugs (D:1)
  An endoplasm (D:1)
  A giant cockroach (D:1)
  2 goblins (D:1)
  2 hobgoblins (D:1)
  A kobold (D:1)
  2 quokkas (D:1)
  A ball python (D:1)
  3 bats (D:1)
  A frilled lizard (D:1)
  A rat (D:1)
17 creatures vanquished.

Notes
Turn   | Place    | Note
-------+----------+-------------------------------------------
     0 | D:1      | zenocrate the Octopode Fighter began the quest for the Orb.
     0 | D:1      | Reached XP level 1. HP: 16/16 MP: 1/1
   126 | D:1      | Reached XP level 2. HP: 17/21 MP: 2/2
   606 | D:1      | Quit the game

Illustrated notes

Levels and vault maps discovered:
D:1:      dreamdust_arrival_sigmund_warning, layout_basic, patterned_corridor

Skill      XL: |  1  2 |
---------------+-------+-----
Polearms       | 3 |  3.3
Fighting       | |  3.0
Dodging        | |  3.0
Shields        | |  3.0

Action                     || total
---------------------------++-------
  Melee: Trident           ||    35
         Constrict         ||     8
         Tentacles         ||     3
   Stab: Sleeping          ||     2
         Distracted        ||     1
 Armour: Skin              ||    14
  Dodge: Dodged            ||    12

Table legend: (Time is in decaauts)
 A = Elapsed time spent in this place.
 B = Non-inter-level travel time spent in this place.
 C = Inter-level travel time spent in this place.
 D = Time resting spent in this place.
 E = Time spent auto-exploring this place.
 F = Levels seen in this place.
 G = Mean time per level.
                   A        B        C        D        E       F      G
               +--------+--------+--------+--------+--------+-----+--------+
         Total |    613 |    597 |     16 |      0 |    487 |   1 |  613.0 |
       Dungeon |    613 |    597 |     16 |      0 |    487 |   1 |  613.0 |
               +--------+--------+--------+--------+--------+-----+--------+

Top non-repeatable levels by time:
     D:1: 613 daAuts
